AoeStats
← Barón de la Cerveza

Enclosed

504350879Analyzed
1v1 RM · 29d ago on Sep 5, 2026· 28m 58s· 2 players
Game mode
Random Map
Map size
Tiny (2 player)
Population
200
Speed
Normal
Resources
Standard
Victory
Conquest
Starting age
Dark Age
Ending age
Imperial Age
RankedLock teamsTeams togetherTeam positionsShared explorationLock speedFull tech treeHidden civsTurbo modeCheats
Victory
Defeat
🇺🇸 Malay · United States
1771
+16
🇲🇽 Wu · Mexico
1763
-16
Barón de la Cerveza
5:37 Loom
8:32 Feudal Age
22:07 Fletching
22:44 Double-Bit Axe
28:06 Castle Age
26:05 Horse Collar
28:13 Gold Mining
28:45 Bodkin Arrow
Scruffles
6:32 Loom
9:07 Feudal Age
9:35 Man-at-Arms
24:41 Castle Age
23:46 Long Swordsman
28:10 Squires
Connection lost

Rejoining the realm…

Still unreachable

The connection could not be restored.

Session expired

The server has moved on; the page needs a fresh start.